 Dungeon Crawl Stone Soup version 0.29-a0-1006-g0dd7720b37 (webtiles) character file.

Game seed: 3179165479348137655

221 BritishOli the Trooper (level 5, -6/42 HPs)
             Began as a Demonspawn Fighter on Aug 6, 2022.
             Mangled by an iguana (11 damage)
             ... on level 5 of the Dungeon.
             The game lasted 00:02:54 (3717 turns).

BritishOli the Trooper (Demonspawn Fighter)         Turns: 3717, Time: 00:02:55

Health: -6/42      AC: 14    Str: 19    XL:     5   Next: 65%
Magic:  5/5        EV:  5    Int:  9    God:
Gold:   148        SH:  4    Dex: 12    Spells: 4/4 levels left

rFire   . . .      SeeInvis +   a - +0 long sword
rCold   . . .      Faith    .   c - +0 buckler
rNeg    . . .      Spirit   .   t - +0 plate armour
rPois   .          Reflect  .   i - +0 helmet
rElec   .          Harm     .   (no cloak)
rCorr   .          Rampage  .   (no gloves)
Will    .....                   (no boots)
Stlth   ..........              (no amulet)
HPRegen 0.14/turn               q - ring of see invisible
MPRegen 0.09/turn               (no ring)

@: no status effects
A: claws 1, yellow scales 1, powered by pain 1
a: no special abilities


You were on level 5 of the Dungeon.
You visited 1 branch of the dungeon, and saw 5 of its levels.

You collected 148 gold pieces.

Inventory:

Hand Weapons
 a - a +0 long sword (weapon)
Armour
 c - a +0 buckler (worn)
 i - a +0 helmet (worn)
 t - a +0 plate armour (worn)
Jewellery
 q - a ring of see invisible (left claw)
Wands
 o - a wand of paralysis (4)
 r - a wand of flame (22)
Scrolls
 e - 2 scrolls of noise {unknown}
 f - 4 scrolls of enchant weapon {unknown}
 g - a scroll of identify {unknown}
 k - 2 scrolls of teleportation {unknown}
 m - a scroll of immolation {unknown}
 p - a scroll of magic mapping {unknown}
Potions
 d - a potion of might
 h - a potion of flight {unknown}
 j - a potion of invisibility {unknown}
 l - a potion of curing {unknown}
 n - a potion of lignification {unknown}


   Skills:
 + Level 4.1 Fighting
 + Level 3.0 Long Blades
 + Level 3.6 Armour
 + Level 3.8 Shields


You had 4 spell levels left.
You didn't know any spells.
Your spell library contained the following spells:

 Spells                   Type           Power      Damage    Failure   Level
 Summon Small Mammal      Summ           0%         N/A       100%        1
 Call Canine Familiar     Summ           0%         N/A       100%        3
 Summon Guardian Golem    Hex/Summ       0%         N/A       100%        3


Dungeon Overview and Level Annotations

Branches:
Dungeon (5/15)
 Temple: D:4-7

Altars:

Annotations:
D:3 Grinder, Sigmund


Innate Abilities, Weirdness & Mutations

You have sharp fingernails.
You are partially covered in yellow scales. (AC +2)
You sometimes gain a little power by taking damage.


Message History

The orc is lightly wounded.
The orc barely misses you.
You hit the orc.
The orc is moderately wounded.
You block the orc's attack. The orc hits you with a +0 whip.
* * * LOW HITPOINT WARNING * * *
You barely miss the orc.
The orc is moderately wounded.
The orc hits you but does no damage. The orc barely misses you.
The orc hits you but does no damage. You block the orc's attack.
The orc attacks as you move away! The orc hits you with a +0 whip.
* * * LOW HITPOINT WARNING * * *
The orc attacks as you move away! The orc hits you but does no damage.
There is a stone staircase leading down here.
The orc hits you but does no damage.
You climb downwards.
The iguana hisses angrily.
There is a stone staircase leading up here.
You are too injured to fight recklessly!
You are too injured to fight recklessly!
You are too injured to fight recklessly!
You are too injured to fight recklessly!
You closely miss the orc.
The orc is lightly wounded.
The orc barely misses you.
You slash the orc!
You kill the orc!
Things that are here:
a +0 whip; a +0 leather armour You slash the iguana!
The iguana is heavily wounded.
The iguana bites you but does no damage.
You closely miss the iguana.
The iguana is heavily wounded.
The iguana barely misses you.
You barely miss the iguana.
The iguana is heavily wounded.
The iguana bites you but does no damage.
The iguana bites you!
You die...

###
#..
#.#
#.#
#.#
#l#
#@##
#.<#
####


You could see an iguana.

Vanquished Creatures
  A scorpion (D:4)
  A jelly (D:4)
  An orc wizard (D:4)
  2 adders
  A worm (D:2)
  3 dart slugs
  6 orcs
  3 bats (D:1)
  4 endoplasms
  2 giant cockroaches
  7 goblins
  6 hobgoblins
  9 kobolds
  6 quokkas
  7 ball pythons
  11 frilled lizards
  8 rats
78 creatures vanquished.

Vanquished Creatures (others)
  2 plants (D:1)
2 creatures vanquished.

Grand Total: 80 creatures vanquished

Notes
Turn   | Place    | Note
-------+----------+-------------------------------------------
     0 | D:1      | BritishOli the Demonspawn Fighter began the quest for the
                  | Orb.
     0 | D:1      | Reached XP level 1. HP: 18/18 MP: 1/1
   416 | D:1      | Gained mutation: You sometimes gain a little power by
                  | taking damage. [demonic ancestry]
   416 | D:1      | Reached XP level 2. HP: 20/24 MP: 2/2
  1085 | D:1      | Reached XP level 3. HP: 29/29 MP: 3/3
  2297 | D:2      | Gained mutation: You have sharp fingernails. [demonic
                  | ancestry]
  2297 | D:2      | Reached XP level 4. HP: 35/35 MP: 4/4
  2676 | D:3      | Found a faded altar of an unknown god.
  2771 | D:3      | Noticed Grinder
  2774 | D:3      | Noticed Sigmund
  2922 | D:4      | Noticed a scorpion
  2948 | D:4      | Killed a scorpion
  2949 | D:4      | Gained mutation: You are partially covered in yellow
                  | scales. (AC +2) [demonic ancestry]
  2949 | D:4      | Reached XP level 5. HP: 19/42 MP: 5/5
  3392 | D:4      | Reached skill level 4 in Fighting
  3710 | D:5      | Entered Level 5 of the Dungeon
  3717 | D:5      | Mangled by an iguana

Illustrated notes

Levels and vault maps discovered:
D:1:      matt_arrival_grand_opening, layout_loops_corners, minmay_lizard_king
D:2:      layout_basic
D:3:      layout_rooms, hellmonk_ecumenical_altar_zigzags, uniq_grinder,
          uniq_sigmund
D:4:      layout_loops_cross
D:5:      layout_basic, amethyst_overflow_temple_binary,
          minmay_temple_entry_grid, hex_large

Skill      XL: |  1  2  3  4  5 |
---------------+----------------+-----
Long Blades    | 2 3 |  3.0
Shields        | 3 |  3.8
Armour         | 3 |  3.6
Fighting       | 4 |  4.1

Action                   |  1- 3 |  4- 6 || total
-------------------------+-------+-------++-------
Melee: Long sword        |   183 |   103 ||   286
       Falchion          |       |    26 ||    26
Armor: Scale mail        |    96 |    48 ||   144
       Plate armour      |       |    39 ||    39
Dodge: Dodged            |    86 |    60 ||   146
Block: Buckler           |    43 |    31 ||    74

Table legend: (Time is in decaauts)
 A = Elapsed time spent in this place.
 B = Non-inter-level travel time spent in this place.
 C = Inter-level travel time spent in this place.
 D = Time resting spent in this place.
 E = Time spent auto-exploring this place.
 F = Levels seen in this place.
 G = Mean time per level.
                   A        B        C        D        E       F      G
               +--------+--------+--------+--------+--------+-----+--------+
         Total |   3812 |   3783 |     29 |     29 |   3072 |   5 |  762.4 |
       Dungeon |   3812 |   3783 |     29 |     29 |   3072 |   5 |  762.4 |
               +--------+--------+--------+--------+--------+-----+--------+

Top non-repeatable levels by time:
     D:1: 1376 daAuts
     D:2: 1294 daAuts
     D:4: 944 daAuts
     D:3: 188 daAuts
     D:5: 7 daAuts
